 Dungeon Crawl Stone Soup version 0.22.0-6-g71bd7aa (webtiles) character file.

8799 HallandMoats the Fighter (level 11, -10/153 HPs)
             Began as a Formicid Fighter on Aug 14, 2018.
             Was a Follower of the Shining One.
             Mangled by Snorg (15 damage)
             ... on level 10 of the Dungeon.
             The game lasted 00:14:52 (10531 turns).

HallandMoats the Fighter (Formicid Fighter)        Turns: 10531, Time: 00:14:53

Health: -10/153    AC: 25    Str: 26    XL:     11   Next: 62%
Magic:  11/11      EV:  2    Int:  7    God:    the Shining One [*.....]
Gold:   505        SH: 10    Dex: 11    Spells: 10/10 levels left

rFire    . . .     SeeInvis .   a - +4 battleaxe
rCold    + . .     Gourm    .   c - +0 shield
rNeg     + + +     Faith    .   (armour currently unavailable)
rPois    +         Spirit   .   (helmet unavailable)
rElec    .         Reflect  .   (cloak currently unavailable)
rCorr    .         Harm     .   (gloves currently unavailable)
MR       +....                  (boots currently unavailable)
Stlth    +.........             (no amulet)
HPRegen  0.35/turn              O - ring of poison resistance
MPRegen  0.12/turn              t - ring of protection from cold

@: tree-form, glowing
A: permanent stasis, dig shafts and tunnels, four strong arms, sense
surroundings 1, robust 1, strong 1
a: Renounce Religion


You were on level 10 of the Dungeon.
You worshipped the Shining One.
The Shining One was aware of your devotion.
You were not hungry.
You were a tree.
You visited 2 branches of the dungeon, and saw 11 of its levels.

You collected 708 gold pieces.
You spent 203 gold pieces at shops.

Inventory:

Hand Weapons
 a - a +4 battleaxe (weapon)
 D - the +8 rapier "Inolexe" {pierce, Fragile rElec Int+2}
   (You found it on level 7 of the Dungeon)

   It inflicts extra damage upon your enemies.
   It affects your intelligence (+2).
   It insulates you from electricity.
   It will be destroyed if unequipped.
Armour
 b - a +1 leather armour of cold resistance
 c - a +0 shield (worn)
 w - a +2 pair of boots (melded)
 y - a +2 scale mail of fire resistance (melded)
 A - the +1 robe of Resilience {SInv}
   (You found it on level 5 of the Dungeon)

   It lets you see invisible.
 C - the +1 leather armour "Yniuv" {rPois}
   (You found it on level 7 of the Dungeon)

   It protects you from poison.
 F - a +0 cloak (melded)
 J - a +2 pair of gloves (melded)
Jewellery
 t - a ring of protection from cold (right branch)
 B - an uncursed amulet of magic regeneration
 O - a ring of poison resistance (left branch)
Wands
 l - a wand of random effects (20)
 o - a wand of flame (63)
 p - a wand of polymorph (12)
 q - a wand of paralysis (17)
 s - a wand of enslavement (12)
Scrolls
 g - 3 scrolls of remove curse
 h - 3 scrolls of teleportation {unknown}
 k - a scroll of identify
 n - 4 scrolls of random uselessness {unknown}
 u - 2 scrolls of enchant armour {unknown}
 v - a scroll of immolation {unknown}
 E - 2 scrolls of fear {unknown}
 H - a scroll of silence {unknown}
 I - 2 scrolls of enchant weapon {unknown}
 K - 3 scrolls of amnesia {unknown}
 N - a scroll of summoning {unknown}
Potions
 i - a potion of brilliance
 j - 4 potions of flight
 m - a potion of curing
 r - a potion of mutation
 z - 2 potions of resistance
 G - a potion of ambrosia
Comestibles
 f - 19 rations


   Skills:
 * Level 11.4 Fighting
 * Level 10.3 Axes
 + Level 8.5 Armour
 + Level 6.2 Dodging
 - Level 3.6 Shields


You had 10 spell levels left.
You didn't know any spells.
Your spell library contained the following spells:

 Spells                   Type           Power        Failure   Level  Hunger
 Cause Fear               Hex            #.........   100%        4    #####..
 Slow                     Hex            #.......     92%         2    ###....
 Confuse                  Hex            #.......     99%         3    ####...
 Confusing Touch          Hex            #.....       83%         1    ##.....
 Metabolic Englaciation   Hex/Ice        #.........   100%        5    ######.
 Corona                   Hex            #......      83%         1    ##.....
 Portal Projectile        Hex/Tloc       #.....       99%         3    ####...
 Petrify                  Tmut/Erth      #.......     100%        4    #####..
 Leda's Liquefaction      Hex/Erth       #.........   100%        4    #####..
 Inner Flame              Hex/Fire       #.......     99%         3    ####...
 Gell's Gravitas          Tloc           #.........   99%         3    ####...
 Yara's Violent Unravell  Hex/Tmut       #.........   100%        5    ######.


Dungeon Overview and Level Annotations

Branches:
Dungeon (10/15)            Temple (1/1) D:7            Lair (0/6) D:9
    Orc: D:9-12

Altars:
Ashenzari
Cheibriados
Dithmenos
Elyvilon
Fedhas
Gozag
Hepliaklqana
Makhleb
Nemelex Xobeh
Okawaru
Qazlal
Ru
Sif Muna
Trog
Uskayaw
Vehumet
Wu Jian
Xom
Yredelemnul
Zin
The Shining One

Shops:
D:5 [

Annotations:
D:10 Snorg


Innate Abilities, Weirdness & Mutations

You cannot be hasted, slowed, berserked, paralysed or teleported.
You can dig through walls and to a lower floor.
Your four strong arms can wield two-handed weapons with a shield.
((You have a pair of large antennae on your head. (SInv)))
You passively map a small area around you.
You are robust. (+10% HP)
Your muscles are strong. (Str +2)


Message History

Snorg claws you but does no damage. You block Snorg's attack.
Snorg claws you! x2
* * * LOW HITPOINT WARNING * * *
Your shield prevents you from hitting Snorg.
Snorg is lightly wounded.
Snorg bites you!
* * * LOW HITPOINT WARNING * * *
Snorg claws you but does no damage. Snorg claws you.
* * * LOW HITPOINT WARNING * * *
You slash Snorg!
Snorg is moderately wounded.
Snorg completely misses you. x2; Snorg claws you!
* * * LOW HITPOINT WARNING * * *
Snorg bites you.
* * * LOW HITPOINT WARNING * * *
Snorg claws you but does no damage. Snorg claws you!
* * * LOW HITPOINT WARNING * * *
You hit Snorg.
Snorg is moderately wounded.
Snorg bites you!
You die...

*
########################
........................
,
......T♣................
*##..................#...
#...#######....##..#...
#.. * #........#... #.,
*######.######..... *#
**#......# #.....
##.....# #..... , #######
#..##. , < ,, * #.....


You could see Snorg (berserk).

Vanquished Creatures
  A yaktaur captain (D:9)
  A centaur warrior (D:9)
  A harpy (D:9)
  An ugly thing (D:10)
  A manticore (D:9)
  A tengu conjurer (D:9)
  Prince Ribbit (D:8)
  2 hippogriffs
  3 hogs (D:7)
  A human (D:7)
  Eustachio (D:5)
  A hungry ghost (D:8)
  2 yaks
  Menkaure (D:7)
  A water moccasin (D:10)
  2 porcupines
  4 sky beasts
  A hornet zombie (D:9)
  2 orc warriors
  4 ice beasts
  2 ogres
  A necrophage (D:8)
  3 centaurs
  2 big kobolds
  Blork the orc (D:5)
  7 bullfrogs
  2 scorpions
  8 wights
  A howler monkey (D:8)
  7 crimson imps
  A centaur zombie (D:4)
  A quasit (D:8)
  A centaur skeleton (D:4)
  3 orc priests
  2 hounds
  4 jellies
  An orc wizard (D:3)
  Crazy Yiuf (D:5)
  4 iguanas
  Natasha (thrice) (D:2)
  Terence (D:2)
  7 worker ants
  Robin (D:4)
  10 adders
  An adder skeleton (D:6)
  4 adder zombies
  2 worms (D:2)
  A dart slug (D:1)
  An adder simulacrum (D:9)
  8 leopard geckos
  33 orcs
  4 ball pythons
  2 giant cockroaches
  10 hobgoblins
  2 jackals (D:4)
  7 quokkas
  6 bats
  4 frilled lizards
  11 goblins
  18 kobolds
  A leopard gecko zombie (D:7)
  14 rats
  6 fungi (D:9)
  2 plants (D:9)
243 creatures vanquished.

Vanquished Creatures (others)
  A quokka (D:2)
  6 fungi (D:9)
7 creatures vanquished.

Grand Total: 250 creatures vanquished

Notes
Turn   | Place    | Note
-------+----------+-------------------------------------------
     0 | D:1      | HallandMoats the Formicid Fighter began the quest for the Orb.
     0 | D:1      | Reached XP level 1. HP: 18/18 MP: 1/1
   231 | D:1      | Reached XP level 2. HP: 20/24 MP: 2/2
   422 | D:1      | Reached XP level 3. HP: 29/30 MP: 3/3
  1113 | D:2      | Reached skill level 4 in Fighting
  1113 | D:2      | Reached skill level 1 in Dodging
  1113 | D:2      | Reached XP level 4. HP: 37/37 MP: 4/4
  1127 | D:2      | Noticed Natasha
  1138 | D:2      | Killed Natasha
  1381 | D:2      | Found a white marble altar of Elyvilon.
  1414 | D:2      | Noticed Natasha
  1423 | D:2      | Killed Natasha
  1600 | D:2      | Noticed Natasha
  1612 | D:2      | Killed Natasha
  1612 | D:2      | Reached XP level 5. HP: 35/43 MP: 5/5
  1796 | D:2      | Noticed Terence
  1807 | D:2      | Killed Terence
  2243 | D:3      | Reached XP level 6. HP: 43/49 MP: 6/6
  2783 | D:4      | Noticed Robin
  2793 | D:4      | Killed Robin
  2793 | D:4      | Reached skill level 5 in Fighting
  2958 | D:4      | Reached XP level 7. HP: 44/56 MP: 7/7
  3732 | D:5      | Entered Level 5 of the Dungeon
  3752 | D:5      | Found Firphaxt's Antique Armour Shop.
  3762 | D:5      | Bought a runed scale mail for 203 gold pieces
  3787 | D:5      | Noticed Eustachio
  3852 | D:5      | Killed Eustachio
  3852 | D:5      | Reached skill level 6 in Fighting
  3852 | D:5      | Reached skill level 5 in Axes
  3852 | D:5      | Reached XP level 8. HP: 10/64 MP: 8/8
  4220 | D:5      | Found a shadowy altar of Dithmenos.
  4225 | D:5      | Got a fabulously ornate robe
  4236 | D:5      | Identified the +1 robe of Resilience {SInv} (You found it on level 5 of the Dungeon)
  4588 | D:5      | Reached skill level 5 in Armour
  4714 | D:5      | Noticed Blork the orc
  4725 | D:5      | Killed Blork the orc
  4748 | D:5      | Found a bloodstained altar of Trog.
  4863 | D:5      | Found a runed door.
  5045 | D:5      | Noticed Crazy Yiuf
  5052 | D:5      | Killed Crazy Yiuf
  5380 | D:6      | Reached skill level 7 in Fighting
  5432 | D:6      | Reached XP level 9. HP: 71/72 MP: 9/9
  6305 | D:7      | Found a blossoming altar of Fedhas.
  6308 | D:7      | Found a sacrificial altar of Ru.
  6314 | D:7      | Found an opulent altar of Gozag.
  6413 | D:7      | Reached skill level 8 in Fighting
  6529 | D:7      | Noticed Menkaure
  6552 | D:7      | Killed Menkaure
  7163 | D:7      | Got a steaming leather armour
  7174 | D:7      | Identified the +1 leather armour "Yniuv" {rPois} (You found it on level 7 of the Dungeon)
  7252 | D:7      | Reached XP level 10. HP: 82/82 MP: 10/10
  7257 | D:7      | Reached skill level 9 in Fighting
  7448 | D:7      | Got an ancient rapier
  7450 | D:7      | Identified the +8 rapier "Inolexe" {pierce, Fragile rElec Int+2} (You found it on level 7 of the Dungeon)
  7457 | D:7      | Gained mutation: You possess an exceptional clarity of mind. [potion of mutation]
  7457 | D:7      | Gained mutation: Your movements are slightly less encumbered by armour. (ER -2) [potion of mutation]
  7458 | D:7      | Lost mutation: Your movements are slightly less encumbered by armour. (ER -2) [potion of mutation]
  7458 | D:7      | Lost mutation: You possess an exceptional clarity of mind. [potion of mutation]
  7458 | D:7      | Gained mutation: Your mind is acute. (Int +2) [potion of mutation]
  7458 | D:7      | Lost mutation: Your mind is acute. (Int +2) [potion of mutation]
  7458 | D:7      | Gained mutation: You passively map a small area around you. [potion of mutation]
  7459 | D:7      | Gained mutation: Your muscles are strong. (Str +2) [potion of mutation]
  7459 | D:7      | Gained mutation: You are robust. (+10% HP) [potion of mutation]
  7632 | D:7      | Found a staircase to the Ecumenical Temple.
  7665 | Temple   | Entered the Ecumenical Temple
  7849 | Temple   | Became a worshipper of the Shining One
  8184 | D:7      | Found an ornate altar of the Wu Jian Council.
  8184 | D:7      | Found a hide-covered altar of Uskayaw.
  8267 | D:8      | Found a hazy altar of Hepliaklqana.
  8358 | D:8      | Noticed Prince Ribbit
  8376 | D:8      | Killed Prince Ribbit
  8376 | D:8      | Reached skill level 5 in Dodging
  8688 | D:8      | Found a sparkling altar of Nemelex Xobeh.
  8783 | D:8      | Reached skill level 10 in Fighting
  8827 | D:9      | Reached * piety under the Shining One
  8971 | D:9      | Found a runed door.
  8971 | D:9      | Noticed a manticore
  8977 | D:9      | Killed a manticore
  9251 | D:8      | Reached XP level 11. HP: 60/101 MP: 11/11
  9600 | D:9      | Found a staircase to the Lair.
  9973 | D:9      | Noticed a centaur warrior
  9980 | D:9      | Killed a centaur warrior
  9980 | D:9      | Reached skill level 11 in Fighting
  9980 | D:9      | Reached skill level 10 in Axes
  9982 | D:9      | Noticed a harpy
  9982 | D:9      | Noticed a yaktaur captain
  9995 | D:9      | Killed a yaktaur captain
  9997 | D:9      | Killed a harpy
 10275 | D:10     | Entered Level 10 of the Dungeon
 10342 | D:10     | Noticed a purple ugly thing
 10357 | D:10     | Killed a purple ugly thing
 10514 | D:10     | Noticed Snorg
 10530 | D:10     | HP: 4/153 [Snorg (9)]
 10531 | D:10     | Mangled by Snorg

Skill      XL: |  1  2  3  4  5  6  7  8  9 10 11 |
---------------+----------------------------------+-----
Fighting       | 4 5 6 7 8 10 11 | 11.4
Dodging        | 1 2 3 4 5 6 |  6.2
Axes           | 3 4 5 6 7 9 10 | 10.3
Armour         | 4 5 6 7 8 |  8.5
Shields        | |  3.6

Action                   |  1- 3 |  4- 6 |  7- 9 | 10-12 || total
-------------------------+-------+-------+-------+-------++-------
Melee: War axe           |    86 |   177 |   104 |       ||   367
       Battleaxe         |       |       |   208 |   231 ||   439
  Use: Scroll            |       |     1 |       |     9 ||    10
       Potion            |       |       |     3 |     6 ||     9
  Eat: Chunk             |     1 |     6 |    10 |     7 ||    24
       Ration            |       |       |     1 |     2 ||     3
Armor: Scale mail        |    31 |    78 |   163 |    24 ||   296
       Leather armour    |       |       |     4 |    86 ||    90
       Skin              |       |       |       |     4 ||     4
Dodge: Dodged            |    21 |    75 |   171 |   131 ||   398
Block: Shield            |    39 |   101 |   195 |   170 ||   505
